 Dungeon Crawl Stone Soup version 0.25.1-2-g60ff931df9 (webtiles) character file.

Game seed: 16849628786685394577

397 DungeonDestroyer the Covert (level 6, 0/45 HPs)
             Began as an Octopode Assassin on Nov 11, 2020.
             Slain by Crazy Yiuf
             ... wielding a +4 quarterstaff of chaos
              (7 damage)
             ... on level 4 of the Dungeon.
             The game lasted 00:07:12 (3760 turns).

DungeonDestroyer the Covert (Octopode Assassin)     Turns: 3760, Time: 00:07:14

Health: 0/45       AC:  1    Str: 12    XL:     6   Next: 83%
Magic:  9/9        EV: 13    Int: 13    God:
Gold:   238        SH:  0    Dex: 14    Spells: 9/9 levels left

rFire    . . .     SeeInvis .   a - +2 dagger
rCold    . . .     Gourm    .   (no shield)
rNeg     . . .     Faith    .   (helmet restricted)
rPois    .         Spirit   .   (no amulet)
rElec    .         Reflect  .   (no ring)
rCorr    .         Harm     .   (no ring)
MR       .....                  (no ring)
Stlth    +++++.....             (no ring)
HPRegen  0.15/turn              (no ring)
MPRegen  0.11/turn              (no ring)
                                (no ring)
                                (no ring)

@: lightly drained
A: almost no armour, stealthy swim, amphibious, 8 rings, constrict 8, antennae
1, camouflage 1, robust 1, wild magic 2, gelatinous body 1
a: no special abilities


You were on level 4 of the Dungeon.
You were not hungry.

You visited 1 branch of the dungeon, and saw 4 of its levels.

You collected 238 gold pieces.

Inventory:

Hand Weapons
 a - a +2 dagger (weapon)
Missiles
 b - 8 poisoned darts (quivered)
 c - 2 curare-tipped darts
 i - 6 silver javelins
Wands
 j - a wand of acid (6)
Scrolls
 f - 3 scrolls of remove curse
 g - 2 scrolls of amnesia
 m - a scroll of teleportation {unknown}
 n - 3 scrolls of identify
Potions
 e - a potion of flight
 h - a potion of stabbing {unknown}
 k - a potion of lignification {unknown}
 l - a potion of magic
Comestibles
 d - 11 rations


   Skills:
 + Level 2.8(2.3) Fighting
 + Level 2.8(2.3) Short Blades
 + Level 2.0(1.6) Throwing
 + Level 1.4(0.9) Dodging
 * Level 9.0(8.4) Stealth
 + Level 2.2(1.7) Spellcasting
 * Level 1.1(0.6) Evocations


You had 9 spell levels left.
You didn't know any spells.
Your spell library was empty.

Dungeon Overview and Level Annotations

Branches:
Dungeon (4/15)
 Temple: D:4-7

Altars:
Qazlal

Annotations:
D:4 Crazy Yiuf


Innate Abilities, Weirdness & Mutations

You cannot wear most types of armour.
You are very stealthy in the water. (Stealth+)
You are amphibious.
You can wear up to eight rings at the same time.
You can use your tentacles to constrict eight enemies at once.
Your skin changes colour to match your surroundings (Stealth+).
Your rubbery body absorbs attacks. (AC +1, EV +1)
You have a pair of small antennae on your head.
You are robust. (+10% HP)
Your spells are harder to cast, but more powerful.


Message History

You constrict Crazy Yiuf. Crazy Yiuf closely misses you.
You hit Crazy Yiuf.
Crazy Yiuf is moderately wounded.
You constrict Crazy Yiuf.
Crazy Yiuf hits you with a +4 quarterstaff of chaos.
You are electrocuted!
You hit Crazy Yiuf but do no damage. You squeeze Crazy Yiuf.
Crazy Yiuf is heavily wounded.
You constrict Crazy Yiuf. You hit Crazy Yiuf.
You squeeze Crazy Yiuf, but do no damage.
Crazy Yiuf is severely wounded.
You constrict Crazy Yiuf.
Crazy Yiuf drinks a potion.
Crazy Yiuf is healed!
You hit Crazy Yiuf. You squeeze Crazy Yiuf.
Crazy Yiuf is lightly wounded.
You constrict Crazy Yiuf.
Crazy Yiuf hits you with a +4 quarterstaff of chaos!
* * * LOW HITPOINT WARNING * * *
You feel drained.
You die...

#........# #..#
#........## ##.##
#........'# #..#
....#....## ##.#
...#####<# #.#
...# #.# #.##
...# #.# ###
####..#
...#####.#
#)..### ##.....#
###......#
#...g@####......#
# #.###..#
#...##..#......##
###.# #..# ###
###.#....## ....#
#..# ########
....###..#
##..#.'..######
###.#.#.......#
....#.#######.#
#####.# #.#


You could see Crazy Yiuf.

Vanquished Creatures
  A howler monkey (D:4)
  A crimson imp (D:3)
  3 orc priests (D:4)
  Jessica (D:3)
  An orc wizard (D:4)
  A worker ant (D:4)
  6 adders
  An ooze (D:3)
  3 worms
  3 dart slugs
  5 leopard geckos
  10 orcs
  A ball python (D:3)
  4 bats
  5 giant cockroaches
  8 goblins
  9 hobgoblins
  6 jackals
  A ball python skeleton (D:4)
  6 frilled lizards
  4 kobolds
  6 rats
86 creatures vanquished.

Notes
Turn   | Place    | Note
-------+----------+-------------------------------------------
     0 | D:1      | DungeonDestroyer the Octopode Assassin began the quest for
                  | the Orb.
     0 | D:1      | Reached XP level 1. HP: 14/14 MP: 1/1
   169 | D:1      | Reached XP level 2. HP: 19/19 MP: 2/2
   499 | D:1      | Reached skill level 1 in Spellcasting
   606 | D:1      | Reached skill level 6 in Stealth
   629 | D:1      | Gained mutation: Your spells are a little harder to cast,
                  | but a little more powerful. [potion of mutation]
   629 | D:1      | Gained mutation: Your spells are harder to cast, but more
                  | powerful. [potion of mutation]
   629 | D:1      | Gained mutation: You have a pair of small antennae on your
                  | head. [potion of mutation]
   629 | D:1      | Gained mutation: You are robust. (+10% HP) [potion of
                  | mutation]
   693 | D:2      | Reached XP level 3. HP: 26/26 MP: 4/4
  1041 | D:2      | Reached XP level 4. HP: 15/33 MP: 5/5
  1477 | D:3      | Reached skill level 7 in Stealth
  1533 | D:3      | Found a stormy altar of Qazlal.
  1744 | D:3      | Reached XP level 5. HP: 35/38 MP: 7/7
  1768 | D:3      | Noticed Jessica
  1771 | D:3      | Killed Jessica
  2695 | D:4      | Reached skill level 8 in Stealth
  2695 | D:4      | Reached XP level 6. HP: 33/45 MP: 9/9
  2904 | D:4      | Reached skill level 1 in Evocations
  3362 | D:4      | Reached skill level 9 in Stealth
  3543 | D:4      | Found a runed translucent door.
  3544 | D:4      | Noticed Crazy Yiuf
  3760 | D:4      | Slain by Crazy Yiuf

Illustrated notes

Levels and vault maps discovered:
D:1:      ncdulo_smallfort, layout_basic
D:2:      layout_basic, first_ration
D:3:      layout_rooms, grunt_qazlal_sundering, grunt_decor_arrowhead,
          uniq_jessica
D:4:      layout_basic, uniq_crazy_yiuf_cottage

Skill      XL: |  1  2  3  4  5  6 |
---------------+-------------------+-----
Spellcasting   | 1 2 |  2.2
Stealth        | 6 7 8 9 |  9.0
Evocations     | 1 |  1.1
Fighting       | |  2.8
Short Blades   | |  2.8
Throwing       | |  2.0
Dodging        | |  1.4

Action                   |  1- 3 |  4- 6 || total
-------------------------+-------+-------++-------
Melee: Dagger            |    55 |   130 ||   185
       Constrict         |    11 |    34 ||    45
       Tentacles         |    12 |    30 ||    42
Throw: Dart              |       |     2 ||     2
  Use: Scroll            |     4 |     1 ||     5
       Potion            |     3 |     5 ||     8
 Stab: Sleeping          |    19 |    10 ||    29
  Eat: Chunk             |       |     9 ||     9
Armor: Skin              |     4 |     6 ||    10
Dodge: Dodged            |    27 |    59 ||    86
